 Dungeon Crawl Stone Soup version 0.24.0-123-gd5b16e6ec5 (webtiles) character file.

Game seed: 1462397790513992633, levelgen mode: deterministic

361 vurker the Magician (level 6, -1/35 HPs)
             Began as a Deep Elf Wizard on Dec 30, 2019.
             Slain by an orc wizard
             ... wielding a +0 dagger
              (4 damage)
             ... on level 4 of the Dungeon.
             The game lasted 00:08:17 (5369 turns).

vurker the Magician (Deep Elf Wizard)               Turns: 5369, Time: 00:08:17

Health: -1/35      AC:  3    Str:  4    XL:     6   Next: 38%
Magic:  7/17       EV: 13    Int: 25    God:
Gold:   194        SH:  0    Dex: 13    Spells: 13/18 levels left

rFire    . . .     SeeInvis .   g - +2 short sword (venom)
rCold    . . .     Gourm    .   (no shield)
rNeg     . . .     Faith    .   a - +0 robe
rPois    .         Spirit   .   b - +1 hat
rElec    .         Reflect  .   (no cloak)
rCorr    .         Harm     .   (no gloves)
MR       .....                  (no boots)
Stlth    ++........             (no amulet)
HPRegen  0.11/turn              (no ring)
MPRegen  0.15/turn              (no ring)

@: no status effects
A: no striking features
a: no special abilities


You were on level 4 of the Dungeon.
You were not hungry.

You visited 1 branch of the dungeon, and saw 5 of its levels.

You collected 194 gold pieces.

Inventory:

Hand Weapons
 g - a +2 short sword of venom (weapon)
   (You took it off an orc on level 4 of the Dungeon)
 i - a +0 short sword of freezing
   (You took it off a kobold on level 3 of the Dungeon)
Missiles
 c - 2 throwing nets (quivered)
Armour
 a - a +0 robe (worn)
 b - a +1 hat (worn)
Magical Staves
 n - an uncursed staff of earth
   (You found it on level 4 of the Dungeon)
Jewellery
 d - an uncursed ring of fire
   (You found it on level 1 of the Dungeon)
Scrolls
 f - 2 scrolls of enchant armour
 j - a scroll of remove curse
 l - a scroll of magic mapping
 q - a scroll of teleportation
 r - 3 scrolls of identify
Potions
 h - a potion of resistance
 m - 3 potions of curing
Comestibles
 e - 6 rations


   Skills:
 + Level 1.8 Fighting
 - Level 2.4 Dodging
 - Level 2.4 Stealth
 * Level 6.7 Spellcasting
 * Level 4.3 Conjurations
 + Level 2.7 Summonings
 - Level 1.1 Translocations


You had 13 spell levels left.
You knew the following spells:

 Your Spells              Type           Power        Failure   Level  Hunger
a - Magic Dart            Conj           ####         1%          1    None
b - Call Imp              Summ           ###.....     3%          2    None
w - Blink                 Tloc           N/A          7%          2    None

Your spell library contained the following spells:

 Spells                   Type           Power        Failure   Level  Hunger
 Conjure Flame            Conj/Fire      ###.....     9%          3    None
 Slow                     Hex            #.......     11%         2    None
 Mephitic Cloud           Conj/Pois/Air  ###.....     12%         3    None


Dungeon Overview and Level Annotations

Branches:
Dungeon (5/15)
 Temple: D:4-7

Altars:
Dithmenos
Hepliaklqana
Makhleb


Message History

The orc misses you.
Aim: an orc, wielding a +2 short sword of electrocution and wearing a +0 scale mail (almost dead)
The magic dart hits the orc but does no damage.
An orc comes into view. It is wielding a +0 dagger.
All of the chunks of flesh in your inventory have rotted away.
Aim: an orc, wielding a +2 short sword of electrocution and wearing a +0 scale mail (almost dead)
The magic dart hits something!
Aim: an orc, wielding a +2 short sword of electrocution and wearing a +0 scale mail (almost dead)
The magic dart hits something.
Something hits you.
Aim: an orc, wielding a +2 short sword of electrocution and wearing a +0 scale mail (almost dead)
The magic dart hits something.
You hear some strange, mumbled words.
A puff of flame appears from out of thin air!
The puff of flame hits you. Something hits you but does no damage.
Something hits you.
The centaur wields a +0 shortbow.
The centaur shoots an arrow.
Reactivating autopickup.
You feel a bit more experienced. Something hits you but does no damage.
Deactivating autopickup; reactivate with Ctrl-A.
The orc hits you but does no damage.
The centaur shoots an arrow.
The arrow hits you!
* * * LOW HITPOINT WARNING * * *
You climb upwards.
Reactivating autopickup.
There is a stone staircase leading down here.
Aim: an orc, wielding a +2 short sword of electrocution and wearing a +0 scale mail (almost dead)
The magic dart hits the orc but does no damage.
Something hits you but does no damage.
Deactivating autopickup; reactivate with Ctrl-A.
The orc closely misses you. Something hits you but does no damage.
Aim: an orc, wielding a +2 short sword of electrocution and wearing a +0 scale mail (almost dead)
The magic dart hits the orc.
You kill the orc!
Something hits you.
* * * LOW HITPOINT WARNING * * *
Something hits you.
* * * LOW HITPOINT WARNING * * *
Something hits you.
* * * LOW HITPOINT WARNING * * *
You can't see any susceptible monsters within range! (Use Z to cast anyway.)
You hit something.
The magic dart hits something.
Something hits you.
* * * LOW HITPOINT WARNING * * *
Something hits you.
You die...

##.#### #####....#
.......#.# #####.##.#
#####.##.# ......##.##
##### ####..#...##
##...##
####...###.#######.....#
.......# #....<[@..>...#
###....###.#######..)..#
###..#....## ##...##
..#..#.#### ##.##
#.#..#.# #.###
#.#..#.####### #...#
#..)..)......# ###.#
.......#####.# #.#
###..### #.# #.#


There were no monsters in sight!

Vanquished Creatures
  An orc priest (D:3)
  An orc wizard (D:4)
  4 worker ants (D:4)
  4 adders (D:4)
  A shadow imp (D:5)
  2 oozes
  5 worms
  3 dart slugs
  2 leopard geckos (D:1)
  12 orcs
  3 giant cockroaches
  7 goblins
  6 hobgoblins
  5 jackals
  2 quokkas (D:2)
  A ball python (D:4)
  7 bats
  3 frilled lizards
  6 kobolds
  A leopard gecko skeleton (D:5)
  27 rats
103 creatures vanquished.

Vanquished Creatures (collateral kills)
  3 gnolls (D:2)
  A leopard gecko (D:2)
4 creatures vanquished.

Vanquished Creatures (others)
  An orc wizard (D:5)
1 creature vanquished.

Grand Total: 108 creatures vanquished

Notes
Turn   | Place    | Note
-------+----------+-------------------------------------------
     0 | D:1      | vurker the Deep Elf Wizard began the quest for the Orb.
     0 | D:1      | Reached XP level 1. HP: 10/10 MP: 7/7
   160 | D:1      | Reached XP level 2. HP: 16/16 MP: 5/9
   440 | D:1      | Learned a level 2 spell: Call Imp
   443 | D:1      | Learned a level 2 spell: Blink
   700 | D:1      | Reached skill level 5 in Spellcasting
   978 | D:1      | Reached XP level 3. HP: 20/20 MP: 8/11
  2053 | D:2      | Found a shadowy altar of Dithmenos.
  2229 | D:2      | Reached skill level 1 in Fighting
  2304 | D:2      | Reached XP level 4. HP: 8/25 MP: 0/13
  3454 | D:3      | Reached XP level 5. HP: 29/29 MP: 9/15
  3918 | D:4      | Found a hazy altar of Hepliaklqana.
  3929 | D:4      | Reached skill level 6 in Spellcasting
  4721 | D:4      | Reached XP level 6. HP: 34/34 MP: 12/17
  4973 | D:4      | Found a burning altar of Makhleb.
  5285 | D:5      | Entered Level 5 of the Dungeon
  5369 | D:4      | Slain by an orc wizard

Levels and vault maps discovered:
D:1:      dpeg_arrival_windows_large_door, layout_basic
D:2:      layout_loops_ring, lemuel_round_altar, first_ration, minmay_rat_hole
D:3:      layout_rooms
D:4:      layout_loops_ring, lemuel_crystal_altar, kennysheep_mini_moat
D:5:      layout_loops_ring, serial_shops, nicolae_shop_waterfront,
          nicolae_shop_statue_plus, shop, grunt_ministairs_10,
          uniq_prince_ribbit1

Skill      XL: |  1  2  3  4  5 |
---------------+----------------+-----
Conjurations   | 2 3 4 |  4.3
Spellcasting   | 5 6 |  6.7
Fighting       | 1 |  1.8
Summonings     | 2 |  2.7
Dodging        | |  2.4
Stealth        | |  2.4
Translocations | |  1.1

Action                   |  1- 3 |  4- 6 || total
-------------------------+-------+-------++-------
Melee: Unarmed           |    13 |       ||    13
       Flail             |    11 |     3 ||    14
       Short sword       |       |     6 ||     6
 Cast: Magic Dart        |    76 |   182 ||   258
       Call Imp          |     9 |       ||     9
  Use: Scroll            |     5 |     4 ||     9
  Eat: Chunk             |     4 |     9 ||    13
Armor: Robe              |     4 |     8 ||    12
Dodge: Dodged            |    23 |    25 ||    48
